 Dungeon Crawl Stone Soup version 0.32-a0-675-gdc239d62e1 (webtiles) character file.

Game seed: 3237979327027235521

39 lunkers the Slasher (level 3, -2/29 HPs)
             Began as a Coglin Berserker on Mar 11, 2024.
             Was a Follower of Trog.
             Slain by a gnoll
             ... wielding a +0 spear
              (5 damage)
             ... on level 2 of the Dungeon.
             The game lasted 00:01:01 (1113 turns).

lunkers the Slasher (Coglin Berserker)              Turns: 1113, Time: 00:01:01

Health: -2/29      AC:  3    Str: 19    XL:     3   Next: 45%
Magic:  3/3        EV: 12    Int:  6    God:    Trog [*.....]
Gold:   69         SH:  0    Dex: 13    Spells: 2/2 levels left

rFire   . . .        a - +0 falchion {Wira}
rCold   . . .        c - +0 dagger {Gustavo}
rNeg    . . .        b - +0 animal skin
rPois   .            (no helmet)
rElec   .            (no cloak)
rCorr   .            g - +0 pair of gloves
SInv    .            (no boots)
Will    .....        (amulet unavailable)
Stlth   +            (ring unavailable)
HPRegen 0.24/turn    (ring unavailable)
MPRegen 0.08/turn    (no gizmo)

%: no passive effects
@: revving
A: off-hand wielding, slow wielding, warmup strikes, no jewellery
a: Invent Gizmo, Renounce Religion, Berserk


You were on level 2 of the Dungeon.
You worshipped Trog.
Trog was aware of your devotion.
You visited 1 branch of the dungeon, and saw 2 of its levels.

You collected 69 gold pieces.

Inventory:

Hand Weapons
 a - a +0 falchion (weapon) {Wira}
 c - a +0 dagger (offhand) {Gustavo}
Armour
 b - a +0 animal skin (worn)
 g - a +0 pair of gloves (worn)
Potions
 e - 2 potions of magic {unknown}
 f - 3 potions of curing
 h - a potion of cancellation {unknown}
 i - 2 potions of heal wounds {unknown}


   Skills:
 - Level 3.0 Fighting
 + Level 4.4 Long Blades
 - Level 1.7 Armour
 - Level 1.7 Dodging


You had 2 spell levels left.
You didn't know any spells.
Your spell library was empty.

Dungeon Overview and Level Annotations

Branches:
Dungeon (2/15)

Altars:


Innate Abilities, Weirdness & Mutations

You can wield a second weapon in your off-hand.
It takes a long time for you to wield or remove held weapons.
Your first few attacks do less damage.
You cannot equip rings or amulets.


Message History

You closely miss the jackal with your +0 dagger.
You barely miss the jackal with your +0 falchion.
The jackal bites you.
* * * LOW HITPOINT WARNING * * *
A jackal comes into view.
You hit the jackal with your +0 dagger.
The jackal is heavily wounded.
You barely miss the jackal with your +0 falchion.
The jackal bites you.
* * * LOW HITPOINT WARNING * * *
You hit the jackal with your +0 falchion.
You kill the jackal!
Trog accepts your kill.
You barely miss the jackal with your +0 dagger.
You hit the jackal with your +0 falchion.
You kill the jackal!
Trog accepts your kill.
You see here a jackal corpse.
A jackal comes into view.
A jackal is nearby!
You see here a +0 club.
The gnoll shouts!
You see here a +0 club.
The gnoll hits you from afar with a +0 spear.
* * * LOW HITPOINT WARNING * * *
The gnoll hits you with a +0 spear.
* * * LOW HITPOINT WARNING * * *
You closely miss the gnoll with your +0 falchion.
You barely miss the gnoll with your +0 dagger.
The gnoll hits you with a +0 spear!
* * * LOW HITPOINT WARNING * * *
You hit the gnoll with your +0 falchion.
The gnoll is lightly wounded.
You hit the gnoll with your +0 dagger. The gnoll barely misses you.
Unknown command.
You barely miss the gnoll with your +0 dagger.
The gnoll is moderately wounded.
You hit the gnoll with your +0 falchion.
The gnoll hits you with a +0 spear.
You die...

###.#.# ......
....# #.#.#
#.#.######.
#†)<.......
#)#.######. # #
#.#.#
#.g.#.##@#.####
#....g.?(...#
#..........##.#
#####.##.### #
#. #.# # #.#
#.# ..# ###


You could see a gnoll.

Vanquished Creatures
  2 gnolls (D:2)
  2 endoplasms (D:1)
  A giant cockroach (D:1)
  3 hobgoblins (D:1)
  2 jackals (D:2)
  2 quokkas (D:1)
  2 ball pythons (D:1)
  A bat (D:1)
  A frilled lizard (D:1)
  A goblin (D:1)
  2 kobolds (D:1)
19 creatures vanquished.

Notes
Turn   | Place    | Note
-------+----------+-------------------------------------------
     0 | D:1      | lunkers the Coglin Berserker began the quest for the Orb.
     0 | D:1      | Reached XP level 1. HP: 18/18 MP: 1/1
   344 | D:1      | Reached XP level 2. HP: 24/24 MP: 2/2
  1065 | D:2      | Reached skill level 4 in Long Blades
  1065 | D:2      | Reached XP level 3. HP: 21/29 MP: 3/3
  1113 | D:2      | Slain by a gnoll

Illustrated notes

Levels and vault maps discovered:
D:1:      minmay_arrival_widening_spiral_narrow, layout_basic,
          kennysheep_decorative_pillar
D:2:      layout_loops_ring, serial_shops, shop, chequers_big_river

Skill      XL: |  1  2 |
---------------+-------+-----
Long Blades    | 4 |  4.4
Fighting       | |  3.0
Armour         | |  1.7
Dodging        | |  1.7

Action                     || total
---------------------------++-------
  Melee: Falchion          ||    53
         Dagger            ||    50
    Use: Scroll            ||     1
 Armour: Animal skin       ||    30
  Dodge: Dodged            ||    29

Table legend: (Time is in decaauts)
 A = Elapsed time spent in this place.
 B = Non-inter-level travel time spent in this place.
 C = Inter-level travel time spent in this place.
 D = Time resting spent in this place.
 E = Time spent auto-exploring this place.
 F = Levels seen in this place.
 G = Mean time per level.
                   A        B        C        D        E       F      G
               +--------+--------+--------+--------+--------+-----+--------+
         Total |   1113 |   1073 |     40 |      0 |    928 |   2 |  556.5 |
       Dungeon |   1113 |   1073 |     40 |      0 |    928 |   2 |  556.5 |
               +--------+--------+--------+--------+--------+-----+--------+

Top non-repeatable levels by time:
     D:1: 1045 daAuts
     D:2: 68 daAuts
